 Dungeon Crawl Stone Soup version 0.31-a0-965-g8a8ce12e04 (webtiles) character file.

Game seed: 7443089496577614495

405 LeprechaunX the Changeling (level 6, -1/40 (42) HPs)
             Began as an Octopode Shapeshifter on Oct 27, 2023.
             Slain by a wight
             ... wielding a +2 flail
              (7 damage)
             ... on level 5 of the Dungeon.
             The game lasted 00:05:16 (3388 turns).

LeprechaunX the Changeling (Octopode Shapeshifter)  Turns: 3388, Time: 00:05:17

HP:   -1/40 (42)    AC:  1    Str: 13    XL:     6   Next: 87%
MP:   15/15         EV: 13    Int: 12    God:
Gold: 230           SH:  0    Dex: 14    Spells: 5/5 levels left

rFire   . .          .
                       - Unarmed
rCold   . . .        (no shield)
rNeg    . . .        (helmet currently unavailable)
rPois   .            i - amulet of the acrobat
rElec   .            r - ring of magical power
rCorr   .            (no ring)
SInv    .            (no ring)
Will    .....        (no ring)
Stlth   ++           (no ring)
HPRegen 0.26/turn    (no ring)
MPRegen 0.14/turn    (no ring)
                     (no ring)

%: acrobat
@: beast-form, lightly drained
A: beast (slay +3), almost no armour, amphibious, 8 rings, camouflage 1,
gelatinous body 1, (nimble swimmer 1), tentacles
a: Begin Untransformation


You were on level 5 of the Dungeon.
You were a hulking beast.
You visited 1 branch of the dungeon, and saw 5 of its levels.

You collected 230 gold pieces.

Inventory:

Hand Weapons
 a - a +0 sling
Jewellery
 i - an amulet of the acrobat (around mantle)
 r - a ring of magical power (left tentacle)
Talismans
 b - a beast talisman
 c - a flux talisman
 f - a storm talisman
Wands
 s - a wand of roots (7)
Scrolls
 d - a scroll of enchant weapon {unknown}
 g - a scroll of fear {unknown}
 h - 2 scrolls of fog {unknown}
 j - 2 scrolls of revelation {unknown}
 k - a scroll of immolation {unknown}
 l - 2 scrolls of identify {unknown}
 m - a scroll of poison {unknown}
 n - a scroll of amnesia {unknown}
 q - a scroll of summoning {unknown}
 t - a scroll of teleportation {unknown}
Potions
 e - 2 potions of attraction {unknown}
 o - a potion of curing {unknown}
 p - a potion of lignification


   Skills:
 + Level 3.3 Fighting
 - Level 2.0 Dodging
 + Level 4.5 Unarmed Combat
 * Level 5.3 Shapeshifting


You had 5 spell levels left.
You didn't know any spells.
Your spell library contained the following spells:

 Spells                   Type           Power      Damage    Failure   Level
 Sublimation of Blood     Necr           0%         N/A       45%         2
 Wereblood                Tmut           0%         N/A       45%         2
 Teleport Other           Tloc           0%         N/A       69%         3
 Vhi's Electric Charge    Tloc/Air       0%         N/A       97%         4
 Silence                  Hex/Air        0%         N/A       100%        5
 Summon Hydra             Summ           0%         N/A       100%        7


Dungeon Overview and Level Annotations

Branches:
Dungeon (5/15)
 Temple: D:4-7

Altars:
Vehumet
Zin

Shops:
D:3 (=


Innate Abilities, Weirdness & Mutations

You are a hulking beast.
Your limbs bulge with bestial killing power. (Slay +3)
You cannot wear most types of armour.
You are amphibious.
You can wear up to eight rings at the same time.
Your skin changes colour to match your surroundings (Stealth+).
Your rubbery body absorbs attacks. (AC +1, EV +1)
((You are camouflaged when in or above water. (Stealth+)))
You have tentacles for arms and can constrict up to eight enemies at once.


Message History

You shoot a sling bullet. The sling bullet hits the gnoll.
The gnoll is heavily wounded.
You shoot a sling bullet. The sling bullet hits the gnoll!
You kill the gnoll!
No target in view!
HP restored.
A wight comes into view. It is wielding a +2 flail.
A wight is nearby!
You shoot a sling bullet.
The sling bullet completely misses the wight.
A wight comes into view. It is wielding a +0 spear.
The wight moves out of view.
You shoot a sling bullet. The sling bullet hits the wight.
The wight is lightly damaged.
There is a stone staircase leading up here.
You shoot a sling bullet.
The sling bullet hits the wight but does no damage.
The wight is lightly damaged.
You shoot a sling bullet. The sling bullet hits the wight.
The wight is moderately damaged.
The wight closely misses you.
You are now empty-tentacled.
You completely miss the wight. Your grab misses the wight.
The wight is lightly damaged.
The wight hits you with a +2 flail!
You barely miss the wight. You grab the wight.
The wight is lightly damaged.
You constrict the wight, but do no damage.
The wight hits you with a +2 flail!
You barely miss the wight.
The wight is lightly damaged.
You constrict the wight, but do no damage.
The wight hits you with a +2 flail!
* * * LOW HITPOINT WARNING * * *
You feel drained.
* * * LOW HITPOINT WARNING * * *
You tentacle-slap the wight.
The wight is heavily damaged.
You constrict the wight. The wight hits you with a +2 flail!
You die...

.# .
.###... #
##.......
.##. ##..#
.....
##..##
.....##..##
........##
..#....z.##
##..)h..#
#..))...#
#.....##..#
......##
#..z
........#
...
..).....#
..
.........
.........


You could see 2 wights.

Vanquished Creatures
  2 phantoms
  A jelly (D:5)
  An orc priest (D:3)
  7 gnolls
  3 adders
  2 worms
  3 dart slugs
  8 orcs
  10 endoplasms
  2 giant cockroaches
  6 goblins
  8 hobgoblins
  2 jackals (D:1)
  3 quokkas
  12 ball pythons
  4 bats
  5 frilled lizards
  5 kobolds
  4 rats
88 creatures vanquished.

Notes
Turn   | Place    | Note
-------+----------+-------------------------------------------
     0 | D:1      | LeprechaunX the Octopode Shapeshifter began the quest for
                  | the Orb.
     0 | D:1      | Reached XP level 1. HP: 13/13 MP: 1/1
   180 | D:1      | Reached XP level 2. HP: 18/18 MP: 2/2
   939 | D:2      | Reached XP level 3. HP: 21/23 MP: 3/3
  1383 | D:2      | Reached XP level 4. HP: 25/29 MP: 4/4
  1656 | D:3      | Identified the of Gur Ban
  1702 | D:3      | Found Pedaq's Weapon Shop.
  1705 | D:3      | Noticed a phantom
  2025 | D:3      | Reached skill level 4 in Shapeshifting
  2137 | D:3      | Found Seiquw's Jewellery Boutique.
  2227 | D:3      | Reached XP level 5. HP: 29/34 MP: 5/5
  2547 | D:3      | Killed a phantom
  2775 | D:4      | Noticed a phantom
  2791 | D:4      | Killed a phantom
  2792 | D:4      | Reached skill level 5 in Shapeshifting
  2792 | D:4      | Reached XP level 6. HP: 28/42 MP: 6/6
  3028 | D:4      | Found a glowing silver altar of Zin.
  3028 | D:4      | Found a radiant altar of Vehumet.
  3222 | D:5      | Entered Level 5 of the Dungeon
  3388 | D:5      | Slain by a wight

Illustrated notes

Levels and vault maps discovered:
D:1:      spicycebolla_arrival_ecumenical, layout_basic,
          amcnicky_mini_rare_corridor_liquid
D:2:      cheibrodos_helix_gallery, layout_basic
D:3:      layout_loops_cross, serial_shops, nicolae_shop_gaudy_bauble,
          nicolae_shop_bloodbath_and_beyond
D:4:      layout_rooms, gammafunk_temple_overflow_wave
D:5:      layout_layer_cave, nicolae_yredelemnul_corpse_copse,
          nicolae_tso_besieged_by_evil, minmay_temple_entry_glassed_door

Skill      XL: |  1  2  3  4  5 |
---------------+----------------+-----
Fighting       | 2 3 |  3.3
Shapeshifting  | 4 5 |  5.3
Unarmed Combat | 4 |  4.5
Dodging        | |  2.0

Action                     |  1- 3 |  4- 6 || total
---------------------------+-------+-------++-------
  Melee: Unarmed           |    75 |   108 ||   183
         Constrict         |    17 |    23 ||    40
         Tentacles         |    11 |    24 ||    35
         Punch             |     1 |     7 ||     8
   Fire: Sling             |       |    12 ||    12
   Stab: Sleeping          |     7 |     5 ||    12
         Distracted        |     1 |     1 ||     2
 Armour: Skin              |    18 |    37 ||    55
  Dodge: Dodged            |    43 |    51 ||    94

Table legend: (Time is in decaauts)
 A = Elapsed time spent in this place.
 B = Non-inter-level travel time spent in this place.
 C = Inter-level travel time spent in this place.
 D = Time resting spent in this place.
 E = Time spent auto-exploring this place.
 F = Levels seen in this place.
 G = Mean time per level.
                   A        B        C        D        E       F      G
               +--------+--------+--------+--------+--------+-----+--------+
         Total |   3377 |   3185 |    192 |    435 |   2192 |   5 |  675.4 |
       Dungeon |   3377 |   3185 |    192 |    435 |   2192 |   5 |  675.4 |
               +--------+--------+--------+--------+--------+-----+--------+

Top non-repeatable levels by time:
     D:1: 928 daAuts
     D:2: 920 daAuts
     D:3: 913 daAuts
     D:4: 527 daAuts
     D:5: 87 daAuts
